 Dungeon Crawl Stone Soup version 0.22.1-2-g9c5b331383 (webtiles) character file.

19131 McIrco the Blocker (level 12, -5/89 HPs)
             Began as a Demonspawn Fighter on Jan 6, 2019.
             Was a High Priest of Makhleb.
             Slain by a komodo dragon (19 damage)
             ... on level 3 of the Lair of Beasts.
             The game lasted 00:39:24 (17489 turns).

McIrco the Blocker (Demonspawn Fighter)            Turns: 17489, Time: 00:39:24

Health: -5/89      AC: 20    Str: 18    XL:     12   Next: 33%
Magic:  12/12      EV:  9    Int: 10    God:    Makhleb [*****.]
Gold:   718        SH: 12    Dex: 16    Spells: 11/11 levels left

rFire    + + .     SeeInvis +   K - +0 long sword (drain)
rCold    + . .     Gourm    .   S - +0 shield (curse)
rNeg     . . .     Faith    .   y - +0 plate armour
rPois    .         Spirit   .   (helmet unavailable)
rElec    .         Reflect  .   E - +0 cloak
rCorr    .         Harm     .   (no gloves)
MR       .....                  (no boots)
Stlth    ..........             M - amulet of rage (curse)
HPRegen  0.24/turn              R - ring of protection from fire
MPRegen  0.13/turn              P - ring of see invisible

@: slowed, very slow
A: horns 3, icy blue scales 3, demonic guardian 1, fire resistance 1,
nightstalker 1
a: Minor Destruction, Lesser Servant of Makhleb, Major Destruction, Greater
Servant of Makhleb, Renounce Religion, Evoke Berserk Rage


You were on level 3 of the Lair of Beasts.
You worshipped Makhleb.
Makhleb was extremely pleased with you.
You were very hungry.

You visited 3 branches of the dungeon, and saw 15 of its levels.
You also visited: Ossuary.

You collected 718 gold pieces.

Inventory:

Hand Weapons
 a - a +0 long sword
 c - a +2 spear of venom
 K - a +0 long sword of draining (weapon)
Armour
 y - a +0 plate armour (worn)
 E - a +0 cloak (worn)
 S - a cursed +0 shield (worn)
Jewellery
 b - an uncursed ring of flight
 q - an uncursed ring of ice
 M - a cursed amulet of rage (around neck)
 P - a ring of see invisible (right hand)
 R - a ring of protection from fire (left hand)
 X - an uncursed ring of ice
Wands
 n - a wand of clouds (3)
 o - a wand of acid (9)
 w - a wand of paralysis (15)
 A - a wand of polymorph (24)
 J - a wand of digging (17)
 L - a wand of iceblast (16)
 T - a wand of scattershot (3)
 U - a wand of random effects (34)
Scrolls
 e - 10 scrolls of teleportation
 j - 4 scrolls of magic mapping
 l - 3 scrolls of identify
 p - 3 scrolls of enchant armour {unknown}
 u - 5 scrolls of remove curse
 v - 2 scrolls of enchant weapon {unknown}
 x - a scroll of noise {unknown}
 B - 2 scrolls of immolation {unknown}
 F - 3 scrolls of fear {unknown}
 H - 2 scrolls of amnesia
 N - a scroll of acquirement {unknown}
 O - a scroll of blinking {unknown}
 V - a scroll of torment {unknown}
 W - a scroll of silence {unknown}
Potions
 d - 5 potions of might
 g - 2 potions of flight
 h - 3 potions of ambrosia
 i - 2 potions of degeneration
 k - 4 potions of haste
 m - 13 potions of curing
 r - 4 potions of agility
 t - 2 potions of magic
 z - a potion of invisibility
 C - 5 potions of heal wounds
 D - 2 potions of lignification
 G - a potion of brilliance
 I - a potion of berserk rage
Miscellaneous
 Y - a fan of gales
Comestibles
 f - 29 rations


   Skills:
 + Level 6.7 Fighting
 - Level 5.0 Long Blades
 * Level 10.9 Armour
 * Level 7.1 Dodging
 - Level 2.8 Stealth
 * Level 11.7 Shields
 + Level 0.5 Unarmed Combat


You had 11 spell levels left.
You didn't know any spells.
Your spell library contained the following spells:

 Spells                   Type           Power        Failure   Level  Hunger
 Sandblast                Erth           #.....       100%        1    ##.....
 Shock                    Conj/Air       #...         100%        1    ##.....
 Summon Small Mammal      Summ           #...         100%        1    ##.....
 Call Imp                 Summ           #.......     100%        2    ###....
 Passwall                 Tmut/Erth      #.......     100%        2    ###....
 Swiftness                Chrm/Air       #.......     100%        2    ###....
 Call Canine Familiar     Summ           #.......     100%        3    ####...
 Static Discharge         Conj/Air       #.......     100%        3    ####...
 Stone Arrow              Conj/Erth      #.....       100%        3    ####...
 Summon Guardian Golem    Hex/Summ       #.......     100%        3    ####...
 Airstrike                Air            #.........   100%        4    #####..
 Petrify                  Tmut/Erth      #.......     100%        4    #####..
 Summon Ice Beast         Ice/Summ       #.......     100%        4    #####..
 Summon Lightning Spire   Summ/Air       #.......     100%        4    #####..
 Lee's Rapid Deconstruct  Erth           #.........   100%        5    ######.
 Lightning Bolt           Conj/Air       #.........   100%        5    ######.


Dungeon Overview and Level Annotations

Branches:
Dungeon (10/15)            Temple (1/1) D:4            Lair (4/6) D:8
  Swamp (0/4) Lair:3        Snake (0/4) Lair:2
    Orc: D:9-12

Altars:
Ashenzari
Cheibriados
Dithmenos
Elyvilon
Fedhas
Gozag
Hepliaklqana
Kikubaaqudgha
Makhleb
Nemelex Xobeh
Okawaru
Qazlal
Ru
Sif Muna
Trog
Uskayaw
Vehumet
Wu Jian
Xom
Yredelemnul
Zin
The Shining One

Annotations:
Lair:3 exclusion: ice statue


Innate Abilities, Weirdness & Mutations

You have a pair of large horns on your head.
You are completely covered in icy blue scales. (AC +4, rC+)
A weak demonic guardian rushes to your aid.
Your flesh is heat resistant. (rF+)
You are slightly more attuned to the shadows.


Message History

Your quasit bites the freezing wraith but does no damage.
Your quasit claws the freezing wraith but does no damage.
Your quasit barely misses the freezing wraith.
You block the freezing wraith's attack. x2
Your quasit bites the freezing wraith but does no damage.
Your quasit barely misses the freezing wraith. x2
Your quasit bites the freezing wraith but does no damage.
Your quasit claws the freezing wraith.
Your quasit claws the freezing wraith but does no damage.
The freezing wraith hits your quasit but does no damage.
The freezing wraith completely misses your quasit.
Your quasit closely misses the freezing wraith.
Your quasit barely misses the freezing wraith.
Your quasit claws the freezing wraith but does no damage.
Your plate armour prevents you from hitting the komodo dragon.
The freezing wraith closely misses your quasit.
The freezing wraith misses your quasit.
Your quasit bites the freezing wraith but does no damage.
Your quasit claws the freezing wraith. x2; The komodo dragon bites you!!
You die...

#...## #.#....P#.# ### #.##
..<..# #........######### #.#
.....# #........'....##.###.##
.....######(.......##....##......
.<....#.##.........#####....PP...
..........+........# ##..P.....P
.....#.P.##........# #..P#.....P
#####.###..........# #####......
### ######.+@### ##...#. ##.l5#
###.## ##W.# #### ##.# # #.## ###
# #####..######.#######
#..>...<.##P.#.......
##........###.........
#.........##P.#.......


You could see a komodo dragon, a freezing wraith and a friendly quasit.

Vanquished Creatures
  A queen ant (Lair:2)
  A skeletal warrior (D:10)
  An ugly thing (D:8)
  A centaur zombie (D:6)
  A spiny frog (Lair:2)
  2 komodo dragons
  A troll (D:9)
  Grinder (D:3)
  3 hippogriffs
  4 blink frogs (Lair:3)
  Sigmund (D:4)
  2 wraiths (D:10)
  18 yaks
  A basilisk (Lair:1)
  2 hogs (D:8)
  A hungry ghost (D:9)
  3 insubstantial wisps (Lair:3)
  Edmund (D:5)
  6 nagas (Lair:2)
  20 soldier ants (Lair:2)
  A water moccasin (Lair:1)
  3 porcupines
  An orc warrior (D:10)
  5 phantoms
  5 ice beasts
  An eye of draining (D:10)
  5 ogres
  6 centaurs
  7 wolves (Lair:2)
  7 crocodiles
  7 bullfrogs
  Blork the orc (D:6)
  3 scorpions
  A killer bee (D:9)
  10 wights
  2 electric eels
  6 howler monkeys
  2 crimson imps
  A bullfrog zombie (D:8)
  A centaur skeleton (D:9)
  2 jellies
  8 orc wizards
  3 orc priests
  Crazy Yiuf (D:6)
  3 hounds
  2 iguanas
  3 bullfrog skeletons
  An iron imp (D:9)
  23 worker ants
  3 mummies (Ossuary)
  3 gnolls (D:4)
  11 adders
  2 shadow imps
  3 white imps (Lair:3)
  2 oozes
  2 worms (D:4)
  6 leopard geckos
  19 orcs
  3 ball pythons
  A giant cockroach (D:1)
  2 goblins (D:3)
  9 hobgoblins
  4 jackals
  A quokka (D:7)
  9 bats
  9 frilled lizards
  A gnoll zombie (Ossuary)
  2 goblin skeletons (D:9)
  3 goblin zombies
  6 hobgoblin zombies
  3 kobolds
  A kobold skeleton (D:9)
  6 kobold zombies
  An orc skeleton (D:9)
  2 orc zombies (D:9)
  A quokka skeleton (D:6)
  4 rats
311 creatures vanquished.

Vanquished Creatures (collateral kills)
  A two-headed ogre (D:9)
  A troll (D:9)
  A polar bear (Lair:3)
  5 yaks
  A human (D:8)
  A wraith (Ossuary)
  An insubstantial wisp (Lair:3)
  A porcupine (Lair:2)
  2 ogres
  A wyvern zombie (D:9)
  2 bullfrogs (D:10)
  A wight (D:6)
  A howler monkey (D:8)
  A centaur zombie (D:9)
  A crimson imp (D:6)
  2 hounds
  An orc wizard (D:4)
  A worker ant (D:6)
  2 orcs
  A giant cockroach (D:7)
28 creatures vanquished.

Vanquished Creatures (others)
  A kobold zombie (Ossuary)
  3 fungi
  2 plants (Lair:2)
6 creatures vanquished.

Grand Total: 345 creatures vanquished

Notes
Turn   | Place    | Note
-------+----------+-------------------------------------------
     0 | D:1      | McIrco the Demonspawn Fighter began the quest for the Orb.
     0 | D:1      | Reached XP level 1. HP: 18/18 MP: 1/1
   230 | D:1      | Gained mutation: You have a pair of small horns on your
                  | head. [demonic ancestry]
   230 | D:1      | Reached XP level 2. HP: 14/24 MP: 2/2
   616 | D:2      | Reached skill level 3 in Shields
   618 | D:2      | Gained mutation: You are partially covered in icy blue
                  | scales. (AC +2) [demonic ancestry]
   618 | D:2      | Reached XP level 3. HP: 15/29 MP: 3/3
   676 | D:2      | Found a blossoming altar of Fedhas.
   833 | D:2      | Gained mutation: You are slightly more attuned to the
                  | shadows. [demonic ancestry]
   833 | D:2      | Reached XP level 4. HP: 20/35 MP: 4/4
  1249 | D:3      | Reached skill level 1 in Dodging
  1264 | D:3      | Found a sparkling altar of Nemelex Xobeh.
  1264 | D:3      | Found a bloodstained altar of Trog.
  1273 | D:3      | Found a glowing silver altar of Zin.
  1282 | D:3      | Found a stormy altar of Qazlal.
  1487 | D:3      | Noticed Grinder
  1503 | D:3      | HP: 1/35 [orc/trident (8)]
  1525 | D:3      | HP: 1/35 [Grinder/nerve-wracking pain (1)]
  1528 | D:3      | Killed Grinder
  1528 | D:3      | Reached skill level 4 in Shields
  1528 | D:3      | Reached XP level 5. HP: 2/41 MP: 5/5
  1528 | D:3      | Gained mutation: A weak demonic guardian rushes to your
                  | aid. [demonic ancestry]
  1528 | D:3      | Reached XP level 6. HP: 2/47 MP: 6/6
  1907 | D:3      | Found an iron altar of Okawaru.
  2203 | D:4      | Found a staircase to the Ecumenical Temple.
  2213 | Temple   | Entered the Ecumenical Temple
  2372 | D:4      | Noticed Sigmund
  2592 | D:4      | Killed Sigmund
  2592 | D:4      | Gained mutation: You have a pair of horns on your head.
                  | [demonic ancestry]
  2592 | D:4      | Reached XP level 7. HP: 47/52 MP: 7/7
  2838 | D:5      | Entered Level 5 of the Dungeon
  2924 | D:5      | Found a sand-covered staircase.
  2930 | Ossuary  | Entered an ossuary
  2930 | Ossuary  | Noticed a wraith
  2930 | Ossuary  | Noticed a wraith
  3275 | Ossuary  | Noticed a wraith
  3286 | Ossuary  | Killed a wraith
  3286 | Ossuary  | Reached skill level 5 in Shields
  3326 | Ossuary  | Noticed a wraith
  3466 | D:5      | Reached skill level 5 in Armour
  3466 | D:5      | Reached XP level 8. HP: 24/60 MP: 8/8
  3869 | D:5      | Noticed Edmund
  3882 | D:5      | Killed Edmund
  3925 | D:5      | Reached skill level 5 in Long Blades
  4891 | D:6      | Found a runed door.
  5120 | D:6      | Found an opulent altar of Gozag.
  5215 | D:6      | Reached skill level 6 in Shields
  5229 | D:6      | Gained mutation: You have a pair of large horns on your
                  | head. [demonic ancestry]
  5229 | D:6      | Reached XP level 9. HP: 34/65 MP: 9/9
  5400 | D:6      | Found a burning altar of Makhleb.
  5400 | D:6      | Noticed an Executioner
  5475 | D:6      | Became a worshipper of Makhleb the Destroyer
  5687 | D:6      | Noticed Crazy Yiuf
  5691 | D:6      | Killed Crazy Yiuf
  5816 | D:7      | Reached skill level 7 in Shields
  6070 | D:7      | Found an ornate altar of the Wu Jian Council.
  6142 | D:7      | Reached skill level 1 in Stealth
  6453 | D:6      | Noticed Blork the orc
  6461 | D:6      | Killed Blork the orc
  7043 | D:8      | Reached * piety under Makhleb
  7258 | D:8      | Found a staircase to the Lair.
  7284 | D:8      | Reached skill level 5 in Dodging
  7374 | D:8      | Reached skill level 8 in Shields
  7394 | D:8      | Gained mutation: You are mostly covered in icy blue scales.
                  | (AC +3) [demonic ancestry]
  7394 | D:8      | Reached XP level 10. HP: 41/73 MP: 10/10
  7566 | D:9      | Noticed a brown ugly thing
  7591 | D:8      | HP: 3/73 [acid (10)]
  7703 | D:8      | HP: 3/73 [acid (9)]
  8029 | D:8      | Killed a brown ugly thing
  8029 | D:8      | Reached skill level 5 in Fighting
  8125 | D:9      | Noticed a two-headed ogre
  8132 | D:9      | Killed a two-headed ogre
  8336 | D:9      | Found a hazy altar of Hepliaklqana.
  8350 | D:9      | Reached ** piety under Makhleb
  8487 | D:9      | Found a glowing golden altar of the Shining One.
  8984 | D:9      | Reached skill level 9 in Shields
  9240 | D:10     | Entered Level 10 of the Dungeon
  9324 | D:10     | Noticed a skeletal warrior
  9325 | D:10     | Noticed a death knight
  9325 | D:10     | Noticed a skeletal warrior
  9329 | D:10     | Reached *** piety under Makhleb
 11556 | Lair:1   | Entered Level 1 of the Lair of Beasts
 11790 | Lair:1   | Gained mutation: You are completely covered in icy blue
                  | scales. (AC +4, rC+) [demonic ancestry]
 11790 | Lair:1   | Reached XP level 11. HP: 80/80 MP: 11/11
 12578 | Lair:2   | Reached skill level 10 in Shields
 13214 | Lair:2   | Found a staircase to the Snake Pit.
 13239 | Lair:2   | Reached **** piety under Makhleb
 13239 | Lair:2   | Reached skill level 10 in Armour
 14062 | Lair:2   | Noticed a queen ant
 14115 | Lair:2   | Killed a queen ant
 14205 | Lair:2   | Reached skill level 11 in Shields
 14279 | Lair:2   | Gained mutation: Your flesh is heat resistant. (rF+)
                  | [demonic ancestry]
 14279 | Lair:2   | Reached XP level 12. HP: 86/89 MP: 12/12
 14539 | Lair:3   | Reached ***** piety under Makhleb
 16366 | Lair:3   | Found a staircase to the Swamp.
 17154 | Lair:4   | Noticed a four-headed hydra
 17489 | Lair:3   | Slain by a komodo dragon

Skill      XL: |  1  2  3  4  5  6  7  8  9 10 11 12 |
---------------+-------------------------------------+-----
Armour         | 3 4 5 7 9 10 | 10.9
Long Blades    | 2 3 4 5 |  5.0
Shields        | 3 4 5 6 8 9 11 | 11.7
Dodging        | 1 2 4 5 6 7 |  7.1
Fighting       | 4 5 6 |  6.7
Stealth        | 1 2 |  2.8
Unarmed Combat | |  0.5

Action                   |  1- 3 |  4- 6 |  7- 9 | 10-12 || total
-------------------------+-------+-------+-------+-------++-------
Melee: Long sword        |    79 |   155 |   388 |  1152 ||  1774
       Headbutt          |     7 |    26 |   102 |   313 ||   448
       Unarmed           |       |     9 |     4 |       ||    13
       Spear             |       |       |       |     7 ||     7
  Use: Scroll            |       |       |     4 |    18 ||    22
 Stab: Distracted        |       |     1 |     3 |     8 ||    12
       Sleeping          |       |       |     1 |       ||     1
  Eat: Chunk             |       |     5 |    10 |    22 ||    37
       Ration            |       |       |     2 |     4 ||     6
Armor: Scale mail        |    42 |    84 |   130 |    22 ||   278
       Skin              |       |     1 |       |       ||     1
       Plate armour      |       |       |       |   566 ||   566
       Chain mail        |       |       |       |    47 ||    47
Dodge: Dodged            |    28 |    76 |   165 |   377 ||   646
Block: Shield            |    53 |   100 |   220 |   808 ||  1181
       Rpst.: Long sword |     9 |    19 |    51 |   115 ||   194
